 Dungeon Crawl Stone Soup version 0.29-a0-194-g6e3aafee17 (webtiles) character file.

Game seed: 6696055471075250855

24 fragbeetle the Chopper (level 2, -8/27 HPs)
             Began as a Minotaur Monk on Feb 23, 2022.
             Mangled by an iguana (9 damage)
             ... on level 2 of the Dungeon.
             The game lasted 00:00:53 (1125 turns).

fragbeetle the Chopper (Minotaur Monk)              Turns: 1125, Time: 00:00:54

Health: -8/27      AC:  3    Str: 15    XL:     2   Next: 79%
Magic:  1/1        EV: 12    Int:  7    God:
Gold:   97         SH:  0    Dex: 12    Spells: 1/1 levels left

rFire   . . .      SeeInvis .   a - +0 hand axe
rCold   . . .      Faith    .   (no shield)
rNeg    . . .      Spirit   .   d - +0 leather armour
rPois   .          Reflect  .   (helmet restricted)
rElec   .          Harm     .   (no cloak)
rCorr   .          Rampage  .   (no gloves)
Will    .....                   (no boots)
Stlth   ++........              (no amulet)
HPRegen 0.09/turn               (no ring)
MPRegen 0.07/turn               (no ring)

@: no status effects
A: horns 2, retaliatory headbutt
a: no special abilities


You were on level 2 of the Dungeon.
You visited 1 branch of the dungeon, and saw 2 of its levels.

You collected 97 gold pieces.

Inventory:

Hand Weapons
 a - a +0 hand axe (weapon)
Armour
 b - a +0 robe
 d - a +0 leather armour (worn)
Jewellery
 e - a ring of fire
Scrolls
 c - a scroll of blinking {unknown}
 f - a scroll of amnesia {unknown}
 h - a scroll of teleportation {unknown}
 i - a scroll of identify {unknown}
Potions
 g - 3 potions of heal wounds {unknown}


   Skills:
 + Level 4.0 Fighting
 + Level 4.0 Axes
 + Level 3.6 Dodging
 + Level 2.0 Stealth


You had one spell level left.
You didn't know any spells.
Your spell library was empty.

Dungeon Overview and Level Annotations

Branches:
Dungeon (2/15)

Altars:

Shops:
D:1 (


Innate Abilities, Weirdness & Mutations

You have a pair of horns on your head.
You reflexively headbutt those who attack you in melee.


Message History

A ball python is nearby!
The ball python closely misses you. x2
You closely miss the ball python.
The ball python bites you but does no damage.
The ball python grabs you. The ball python constricts you.
You hit the ball python.
You kill the ball python!
No target in view!
No target in view!
You see here a ball python corpse.
You see here a +0 short sword.
You now have 97 gold pieces (gained 14).
Found a glaive.
h - a scroll labelled NYFULELL ASTY
i - a scroll labelled ICVIOSY XIMU An iguana comes into view.
Found a stone staircase leading up.
An iguana is nearby!
An iguana is nearby!
You hit the iguana.
The iguana is lightly wounded.
The iguana closely misses you.
You completely miss the iguana.
The iguana is lightly wounded.
The iguana bites you!
You hit the iguana but do no damage.
The iguana is lightly wounded.
The iguana bites you!
You are too injured to fight recklessly!
You are too injured to fight recklessly!
You are too injured to fight recklessly!
You are too injured to fight recklessly!
You completely miss the iguana.
The iguana is lightly wounded.
The iguana bites you!
* * * LOW HITPOINT WARNING * * *
You barely miss the iguana. You headbutt the iguana.
The iguana is heavily wounded.
The iguana bites you!
You die...

# #. .#.##.### # #.#
........#.# #.#
#.##.#.#.# #.#
#..).....# #.#
####...### #.# ##..#
#<# #.###..### #l#
#........#####@######
#####..#..............
#..#########.#####
#..# #.# ...####..#
#.# #.# #.......# #.#
#.#
...####.##########.#
#.#
#.#####.........##.#
#.#
#.....########.##.#
#.#


You could see an iguana.

Vanquished Creatures
  A dart slug (D:1)
  3 ball pythons
  3 endoplasms (D:1)
  2 giant cockroaches (D:1)
  A hobgoblin (D:1)
  3 kobolds (D:1)
  A quokka (D:1)
  A bat (D:1)
  A frilled lizard (D:1)
  3 goblins (D:1)
  A rat (D:1)
20 creatures vanquished.

Notes
Turn   | Place    | Note
-------+----------+-------------------------------------------
     0 | D:1      | fragbeetle the Minotaur Monk began the quest for the Orb.
     0 | D:1      | Reached XP level 1. HP: 19/19 MP: 0/0
   464 | D:1      | Reached XP level 2. HP: 27/27 MP: 1/1
   529 | D:1      | Found Muer's Weapon Shoppe.
   706 | D:1      | Found a faded altar of an unknown god.
  1124 | D:2      | HP: 1/27 [iguana (11)]
  1125 | D:2      | Mangled by an iguana

Illustrated notes

Levels and vault maps discovered:
D:1:      dpeg_arrival_leaves_temple_mockup, layout_loops_ring,
          shapermc_ecumenical_altar_gd, serial_shops, shop, minmay_hexomino_u4
D:2:      layout_loops_ring, serial_park_tiny_pond, solitary_fountain,
          ebering_dispersal_statue_hall, uniq_crazy_yiuf_cottage, uniq_robin

Skill      XL: |  1  2 |
---------------+-------+-----
Axes           | 4 |  4.0
Stealth        | 2 |  2.0
Fighting       | 4 |  4.0
Dodging        | |  3.6

Action                   || total
-------------------------++-------
Melee: Hand axe          ||    42
       Headbutt          ||     3
 Stab: Sleeping          ||     1
Armor: Robe              ||     1
       Leather armour    ||    13
Dodge: Dodged            ||    20

Table legend: (Time is in decaauts)
 A = Elapsed time spent in this place.
 B = Non-inter-level travel time spent in this place.
 C = Inter-level travel time spent in this place.
 D = Time resting spent in this place.
 E = Time spent auto-exploring this place.
 F = Levels seen in this place.
 G = Mean time per level.
                   A        B        C        D        E       F      G
               +--------+--------+--------+--------+--------+-----+--------+
         Total |   1129 |   1042 |     87 |      0 |    920 |   2 |  564.5 |
       Dungeon |   1129 |   1042 |     87 |      0 |    920 |   2 |  564.5 |
               +--------+--------+--------+--------+--------+-----+--------+

Top non-repeatable levels by time:
     D:1: 1057 daAuts
     D:2: 71 daAuts
